 Dungeon Sprint DCSS version 0.21-a0-278-ga722497 (webtiles) character file.

1930 potatolord6000 the Cleaver (level 9, -12/89 HPs)
             Began as a Hill Orc Fighter on Sept 20, 2017.
             Was the Champion of Beogh.
             Mangled by a komodo dragon (23 damage)
             ... in the Dungeon (Sprint VII: "The Pits").
             The game lasted 00:04:47 (1366 turns).

potatolord6000 the Cleaver (Hill Orc Fighter)       Turns: 1366, Time: 00:04:48

Health: -12/89     AC: 16    Str: 22    XL:     9   Next: 17%
Magic:  17/17      EV: 10    Int: 11    God:    Beogh [******]
Gold:   0          SH: 12    Dex: 10    Spells: 8/8 levels left

rFire    . . .     SeeInvis .   v - +1 broad axe (chop)
rCold    . . .     Gourm    .   c - +0 shield
rNeg     . . .     Faith    .   h - +3 chain mail
rPois    .         Spirit   .   w - +0 helmet
rElec    .         Reflect  .   (no cloak)
rCorr    .         Harm     .   (no gloves)
MR       .....     NoTele   +   (no boots)
Stlth    ..........             (no amulet)
HPRegen  0.24/turn              b - +3 ring of intelligence
MPRegen  0.15/turn              r - +3 ring of evasion

@: no status effects
A: walk on water
a: Smiting, Recall Orcish Followers, Give Item to Named Follower, Resurrection,
Renounce Religion


You were in the Dungeon.
You worshipped Beogh.
Beogh was exalted by your worship.
You were completely stuffed.

You visited 1 branch

Inventory:

Hand Weapons
 v - a +1 broad axe of chopping (weapon)
Armour
 c - a +0 shield (worn)
 h - a +3 chain mail (worn)
 w - a +0 helmet (worn)
Jewellery
 b - a +3 ring of intelligence (left hand)
 r - a +3 ring of evasion (right hand)
Scrolls
 k - a scroll of blinking
 m - 3 scrolls of remove curse
 n - 5 scrolls of amnesia
 o - a scroll of summoning
Potions
 d - 2 potions of brilliance
 e - 9 potions of curing
 g - 6 potions of heal wounds
 i - 4 potions of magic
 j - 3 potions of berserk rage
 l - a potion of invisibility
 s - a potion of might
 t - a potion of haste
 u - a potion of agility
Comestibles
 f - 8 bread rations
 p - 40 fruits
 q - 5 meat rations


   Skills:
 + Level 11.3 Fighting
 + Level 11.9 Axes
 + Level 10.5 Armour
 + Level 10.4 Shields
 + Level 11.4 Invocations


You had 8 spell levels left.
You didn't know any spells.

Dungeon Overview and Level Annotations

Branches:
Dungeon (1/1)

Altars:
Ashenzari
Cheibriados
Dithmenos
Elyvilon
Fedhas
Gozag
Hepliaklqana
Kikubaaqudgha
Makhleb
Nemelex Xobeh
Okawaru
Qazlal
Ru
Sif Muna
Trog
Uskayaw
Vehumet
Wu Jian
Xom
Yredelemnul
Zin
The Shining One
Beogh
Jiyva
Lugonu

Annotations:
D Erolcha


Message History

The tarantella dies!
Beogh accepts your kill.
You can now revive fallen orcs.
Your orc looks more experienced.
Something hits you.
* * * LOW HITPOINT WARNING * * *
Deactivating autopickup; reactivate with Ctrl-A.
Your orc wizard hits something but does no damage.
The komodo dragon closely misses you.
The snapping turtle bites you but does no damage.
Your orc priest hits the snapping turtle but does no damage.
Something hits you!
* * * LOW HITPOINT WARNING * * *
Your orc wizard hits something but does no damage.
Your orc barely misses the komodo dragon.
Things that are here:
+0 acid dragon scales; an acid dragon corpse You hit something but do no damage.
You hit the snapping turtle but do no damage.
You hit the komodo dragon. The komodo dragon bites you!!
You die...

.#.#####'#####''######
##.##.......##''#####
.#.##.......##..[...+ +
.'.##.......##......+ .+
#####...<...##.....##..#
)).##.......##...###....
)).##.......##..##......
#####.......##''#to.#..#
#.. ##########..@{o)....
#.############++#lo.#..#
#.#....#..[.# #......
#÷#....#!.[.# ##....
#.'....'..))# ..#
#÷#....#..))# .+
'.#....#..))# +
#############


You could see a snapping turtle, a komodo dragon, a friendly orc priest, a
friendly orc wizard (invisible) and a friendly orc.

Vanquished Creatures
  A deep elf mage (D)
  A freezing wraith (D)
  Grinder (D)
  A wyvern (D)
  A steam dragon (D)
  An acid dragon (D)
  A sky beast (D)
  3 wolves (D)
  A necrophage (D)
  A quasit (D)
  A gnoll shaman (D)
  2 iguanas (D)
  4 gnolls (D)
  An adder (D)
  3 oozes (D)
  An orc (D)
  A hobgoblin (D)
  A kobold (D)
  A ball python (D)
  2 frilled lizards (D)
  3 rats (D)
32 creatures vanquished.

Vanquished Creatures (collateral kills)
  A tarantella (D)
  An orc (D)
2 creatures vanquished.

Vanquished Creatures (others)
  An orc (D)
1 creature vanquished.

Grand Total: 35 creatures vanquished

Notes
Turn   | Place    | Note
-------+----------+-------------------------------------------
     0 | D        | potatolord6000 the Hill Orc Fighter began the quest for the Orb.
     0 | D        | Reached XP level 1. HP: 19/19 MP: 1/1
    28 | D        | Found a bloodstained altar of Trog.
    28 | D        | Found a deep blue altar of Sif Muna.
    28 | D        | Found a viscous altar of Jiyva.
    28 | D        | Found a hazy altar of Hepliaklqana.
    28 | D        | Found an opulent altar of Gozag.
    54 | D        | Found a glowing golden altar of the Shining One.
    54 | D        | Found a glowing silver altar of Zin.
    54 | D        | Found a basalt altar of Yredelemnul.
    54 | D        | Found a shimmering altar of Xom.
    54 | D        | Found an ornate altar of the Wu Jian Council.
    54 | D        | Found a sacrificial altar of Ru.
    54 | D        | Found a stormy altar of Qazlal.
    54 | D        | Found an iron altar of Okawaru.
    54 | D        | Found a sparkling altar of Nemelex Xobeh.
    54 | D        | Found a burning altar of Makhleb.
    54 | D        | Found a blossoming altar of Fedhas.
    54 | D        | Found a white marble altar of Elyvilon.
    54 | D        | Found a shadowy altar of Dithmenos.
    54 | D        | Found a snail-covered altar of Cheibriados.
    57 | D        | Found a corrupted altar of Lugonu.
    57 | D        | Found a radiant altar of Vehumet.
    57 | D        | Found a roughly hewn altar of Beogh.
    58 | D        | Found an ancient bone altar of Kikubaaqudgha.
    58 | D        | Found a hide-covered altar of Uskayaw.
    58 | D        | Found a shattered altar of Ashenzari.
    66 | D        | Became a worshipper of Beogh the Brigand
    89 | D        | Reached skill level 1 in Invocations
    89 | D        | Reached XP level 2. HP: 27/28 MP: 1/3
   127 | D        | Reached * piety under Beogh
   139 | D        | Noticed Grinder
   143 | D        | Reached XP level 3. HP: 33/35 MP: 4/4
   143 | D        | Reached ** piety under Beogh
   156 | D        | Killed Grinder
   156 | D        | Reached XP level 4. HP: 12/47 MP: 4/8
   156 | D        | Reached XP level 5. HP: 13/52 MP: 4/9
   466 | D        | Reached XP level 6. HP: 60/60 MP: 10/10
   469 | D        | Reached *** piety under Beogh
   472 | D        | Noticed a deep elf mage
   480 | D        | Noticed a tarantella
   480 | D        | Noticed a jumping spider
   485 | D        | Killed a deep elf mage
   485 | D        | Reached XP level 7. HP: 31/70 MP: 8/13
   487 | D        | Reached **** piety under Beogh
   492 | D        | Reached skill level 10 in Axes
   728 | D        | Reached XP level 8. HP: 65/79 MP: 15/15
   787 | D        | Noticed a wyvern
   793 | D        | Killed a wyvern
   793 | D        | Reached ***** piety under Beogh
   793 | D        | Reached skill level 10 in Fighting
   870 | D        | Reached skill level 10 in Invocations
  1154 | D        | Noticed a freezing wraith
  1159 | D        | Killed a freezing wraith
  1159 | D        | Reached skill level 10 in Armour
  1159 | D        | Reached skill level 10 in Shields
  1165 | D        | Reached XP level 9. HP: 45/89 MP: 10/17
  1348 | D        | Noticed a komodo dragon
  1364 | D        | Reached ****** piety under Beogh
  1366 | D        | Mangled by a komodo dragon

Vault maps used:
D:        pitsprint

Skill      XL: |  1  2  3  4  5  6  7  8 |
---------------+-------------------------+-----
Fighting       | 4 7 9 11 | 11.3
Axes           | 4 7 9 10 11 | 11.9
Armour         | 4 6 8 9 10 | 10.5
Shields        | 4 6 8 9 10 | 10.4
Invocations    | 1 2 6 9 11 | 11.4

Action                   |  1- 3 |  4- 6 |  7- 9 || total
-------------------------+-------+-------+-------++-------
Melee: War axe           |    26 |    12 |    59 ||    97
       Broad axe         |       |       |    23 ||    23
Invok: Smiting           |       |     1 |     4 ||     5
  Use: Potion            |     3 |       |       ||     3
  Eat: Meat ration       |       |       |     2 ||     2
Armor: Scale mail        |     7 |       |       ||     7
       Chain mail        |       |    20 |    57 ||    77
Dodge: Dodged            |     4 |     7 |    40 ||    51
Block: Shield            |    12 |    15 |    75 ||   102

Table legend:
 A = Spawn XP
 B = Non-spawn XP
 C = Spawn XP percentage of total XP
 D = Spawn monster count
 E = Non-spawn monster count
 F = Spawn count percentage of total count
 G = Total turns spent on level
                    A         B        C        D         E        F      G
               +---------+---------+-------+---------+---------+-------+---------
         Total |       0 |    2758 |   0.0 |       0 |      34 |   0.0 |  1366
               +---------+---------+-------+---------+---------+-------+---------
             D |       0 |    2758 |   0.0 |       0 |      34 |   0.0 |  1366
               +---------+---------+-------+---------+---------+-------+---------
